 Dungeon Crawl Stone Soup version 0.31.0-11-ge490571c62 (webtiles) character file.

Game seed: 6666287263579619236

144 Lhightning the Prestidigitator (level 5, -5/37 HPs)
             Began as a Gnoll Wanderer on Feb 8, 2024.
             Slain by a lemure (7 damage)
             ... led by Pikel
             ... on level 4 of the Dungeon.
             The game lasted 00:45:05 (2777 turns).

Lhightning the Prestidigitator (Gnoll Wanderer)     Turns: 2777, Time: 00:45:06

Health: -5/37      AC: 11    Str: 14    XL:     5   Next: 26%
Magic:  9/9        EV:  6    Int: 10    God:
Gold:   130        SH:  5    Dex: 17    Spells: 10/10 levels left

rFire   . . .        e - +5 dagger of Discord {freeze, *Rage Will++ Dex+5}
rCold   . . .        c - +0 buckler
rNeg    . . .        l - +0 chain mail
rPois   .            (no helmet)
rElec   .            (no cloak)
rCorr   .            u - +2 pair of gloves
SInv    +            (no boots)
Will    ++...        (no amulet) Stlth
                     s - ring of see invisible
HPRegen 0.26/turn    (no ring)
MPRegen 0.11/turn

%: random rage (20%)
@: on berserk cooldown, slowed, very slow
A: fangs 1, strong nose, distributed training
a: no special abilities


You were on level 4 of the Dungeon.
You visited 1 branch of the dungeon, and saw 4 of its levels.

You collected 130 gold pieces.

Inventory:

Hand Weapons
 a - a +0 falchion
 e - the +5 dagger of Discord (weapon) {freeze, *Rage Will++ Dex+5}
   (You found it on level 3 of the Dungeon)

   Dex+5:     It affects your dexterity (+5).
   Will++:    It greatly increases your willpower.
   *Rage:     It berserks you when you make melee attacks (+20% chance).
 h - a +1 spear
 n - the +0 rapier "Pam Kaf" {elec, Will+}
   (You found it on level 2 of the Dungeon)

   Will+:     It increases your willpower.
Missiles
 j - 26 stones
 m - 3 poisoned darts
 t - a throwing net
Armour
 c - a +0 buckler (worn)
 l - a +0 chain mail (worn)
 u - a +2 pair of gloves (worn)
Jewellery
 s - a ring of see invisible (left hand)
Wands
 b - a wand of polymorph (11)
Scrolls
 i - a scroll of poison {unknown}
 p - 2 scrolls of identify {unknown}
Potions
 d - a potion of attraction {unknown}
 g - 4 potions of might {unknown}
 k - a potion of mutation {unknown}
 q - a potion of heal wounds {unknown}
 r - a potion of curing
Miscellaneous
 f - a phantom mirror (quivered)


   Skills:
 + Level 1.4 Fighting
 + Level 1.4 Short Blades
 + Level 1.4 Long Blades
 + Level 1.4 Axes
 + Level 1.4 Maces & Flails
 + Level 1.4 Polearms
 + Level 1.4 Staves
 + Level 1.4 Ranged Weapons
 + Level 1.4 Throwing
 + Level 1.4 Armour
 + Level 1.4 Dodging
 + Level 2.7 Stealth
 + Level 3.0 Shields
 + Level 6.7 Unarmed Combat
 + Level 3.1 Spellcasting
 + Level 1.1 Conjurations
 + Level 1.1 Hexes
 + Level 1.1 Summonings
 + Level 1.1 Necromancy
 + Level 1.1 Translocations
 + Level 1.1 Fire Magic
 + Level 1.1 Ice Magic
 + Level 1.1 Air Magic
 + Level 1.1 Earth Magic
 + Level 1.1 Alchemy
 + Level 1.6 Invocations
 + Level 8.6 Evocations
 + Level 1.3 Shapeshifting


You had 10 spell levels left.
You didn't know any spells.
Your spell library contained the following spells:

 Spells                   Type           Power      Damage    Failure   Level
 Hailstorm                Conj/Ice       3%         3d5       100%        3
 Summon Ice Beast         Ice/Summ       3%         N/A       100%        3
 Sculpt Simulacrum        Ice/Alch       1%         N/A       100%        6


Dungeon Overview and Level Annotations

Branches:
Dungeon (4/15)
 Temple: D:4-7

Altars:

Annotations:
D:4 Pikel


Innate Abilities, Weirdness & Mutations

You have very sharp teeth.
Your uncanny sense of smell can sniff out nearby items.
Your experience applies equally to all skills.


Message History

You kill the endoplasm!
A lemure comes into view.
You feel a strong urge to attack something.
You feel your anger nearly subside.
You are no longer berserk.
You are exhausted.
You feel yourself slow down. The lemure closely misses you.
The lemure hits you but does no damage.
You hit Pikel. You freeze Pikel. You bite Pikel, but do no damage.
Pikel is lightly wounded.
The lemure barely misses you. Pikel hits you but does no damage.
The lemure hits you but does no damage.
You hit Pikel but do no damage.
Pikel is lightly wounded.
You block Pikel's attack. The lemure barely misses you.
The lemure closely misses you.
Pikel hits you with a +2 whip of freezing.
Pikel freezes you. The lemure hits you but does no damage.
You closely miss Pikel. Your bite misses Pikel.
Pikel is lightly wounded.
The lemure hits you but does no damage. The lemure hits you!
The lemure hits you but does no damage.
Pikel hits you with a +2 whip of freezing.
Pikel freezes you. The lemure hits you. The lemure hits you!
You hit Pikel. You freeze Pikel.
Pikel is moderately wounded.
The lemure hits you but does no damage. Pikel hits you but does no damage.
The lemure hits you.
* * * LOW HITPOINT WARNING * * *
The lemure barely misses you.
Okay, then.
You miss Pikel.
Pikel is moderately wounded.
You block Pikel's attack.
The lemure hits you but does no damage. x2
Pikel hits you with a +2 whip of freezing.
* * * LOW HITPOINT WARNING * * *
Pikel freezes you.
* * * LOW HITPOINT WARNING * * *
The lemure hits you!
You die...

#.# #.# #.# ∆
#.# ####.#
#....#####
#........#
###5.......#
#..5@5.....#
#.##K....:.#
#..5..5#+#####
...#.####
#.#.# #∆#


You could see Pikel and 4 lemures.

Vanquished Creatures
  Ijyb (D:3)
  Terence (D:3)
  3 adders
  2 dart slugs (D:1)
  2 orcs (D:3)
  4 bats
  5 endoplasms
  14 giant cockroaches (D:2)
  3 goblins
  2 hobgoblins (D:3)
  3 jackals (D:1)
  5 kobolds
  2 quokkas
  4 ball pythons
  3 frilled lizards
  A rat (D:1)
55 creatures vanquished.

Notes
Turn   | Place    | Note
-------+----------+-------------------------------------------
     0 | D:1      | Lhightning the Gnoll Wanderer began the quest for the Orb.
     0 | D:1      | Lhightning set off with the following items: a +0 club, a
                  | scroll of teleportation, a +0 buckler, a potion of curing,
                  | a +0 leather armour, a phantom mirror.
     0 | D:1      | Reached XP level 1. HP: 13/13 MP: 4/4
   140 | D:1      | Reached XP level 2. HP: 8/19 MP: 5/5
   805 | D:2      | Reached XP level 3. HP: 14/25 MP: 7/7
   891 | D:2      | Reached skill level 1 in Invocations
  1192 | D:2      | Reached skill level 1 in Fighting
  1192 | D:2      | Reached skill level 1 in Short Blades
  1192 | D:2      | Reached skill level 1 in Long Blades
  1192 | D:2      | Reached skill level 1 in Axes
  1192 | D:2      | Reached skill level 1 in Maces & Flails
  1192 | D:2      | Reached skill level 1 in Polearms
  1192 | D:2      | Reached skill level 1 in Staves
  1192 | D:2      | Reached skill level 1 in Ranged Weapons
  1192 | D:2      | Reached skill level 1 in Throwing
  1192 | D:2      | Reached skill level 1 in Armour
  1192 | D:2      | Reached skill level 1 in Dodging
  1277 | D:2      | Identified the +0 rapier "Pam Kaf" {elec, Will+}
  1980 | D:3      | Reached skill level 1 in Shapeshifting
  1980 | D:3      | Reached XP level 4. HP: 24/32 MP: 8/8
  2275 | D:3      | Noticed Ijyb
  2290 | D:3      | Killed Ijyb
  2291 | D:3      | Reached skill level 1 in Conjurations
  2291 | D:3      | Reached skill level 1 in Hexes
  2291 | D:3      | Reached skill level 1 in Summonings
  2291 | D:3      | Reached skill level 1 in Necromancy
  2291 | D:3      | Reached skill level 1 in Translocations
  2291 | D:3      | Reached skill level 1 in Fire Magic
  2291 | D:3      | Reached skill level 1 in Ice Magic
  2291 | D:3      | Reached skill level 1 in Air Magic
  2291 | D:3      | Reached skill level 1 in Earth Magic
  2291 | D:3      | Reached skill level 1 in Alchemy
  2401 | D:3      | Found a faded altar of an unknown god.
  2582 | D:3      | Reached XP level 5. HP: 37/37 MP: 9/9
  2636 | D:3      | Noticed Terence
  2644 | D:3      | Killed Terence
  2688 | D:3      | Identified the +5 dagger of Discord {freeze, *Rage Will++
                  | Dex+5}
  2764 | D:4      | Noticed Pikel
  2764 | D:4      | Noticed a lemure
  2764 | D:4      | Noticed a lemure
  2765 | D:4      | Noticed a lemure
  2768 | D:4      | Noticed a lemure
  2777 | D:4      | Slain by a lemure

Illustrated notes

Levels and vault maps discovered:
D:1:      ebering_trefoil_twist, layout_rooms, minmay_misc_feat_rows
D:2:      minmay_roachtagon, layout_loops_corners
D:3:      layout_loops_ring, shapermc_ecumenical_altar_starsandcircs,
          serial_bayou_pond_b, minmay_distorted, uniq_ijyb, uniq_terence
D:4:      layout_basic, mainiacjoe_overflow_alcove_2, gup_sewer_entry_pipe,
          wad_floor_pattern_untrapped, minivault_1, uniq_eustachio, uniq_pikel,
          uniq_duvessa

Skill      XL: |  1  2  3  4  5 |
---------------+----------------+-----
Invocations    | 1 |  1.6
Fighting       | 1 |  1.4
Short Blades   | 1 |  1.4
Long Blades    | 1 |  1.4
Axes           | 1 |  1.4
Maces & Flails | 1 |  1.4
Polearms       | 1 |  1.4
Staves         | 1 |  1.4
Ranged Weapons | 1 |  1.4
Throwing       | 1 |  1.4
Armour         | 1 |  1.4
Dodging        | 1 |  1.4
Spellcasting   | 3 |  3.1
Shapeshifting  | 1 |  1.3
Conjurations   | 1 |  1.1
Hexes          | 1 |  1.1
Summonings     | 1 |  1.1
Necromancy     | 1 |  1.1
Translocations | 1 |  1.1
Fire Magic     | 1 |  1.1
Ice Magic      | 1 |  1.1
Air Magic      | 1 |  1.1
Earth Magic    | 1 |  1.1
Alchemy        | 1 |  1.1
Shields        | 3 |  3.0
Stealth        | |  2.7
Unarmed Combat | |  6.7
Evocations     | |  8.6

Action                     |  1- 3 |  4- 6 || total
---------------------------+-------+-------++-------
  Melee: Spear             |   177 |       ||   177
         Bite              |    19 |     5 ||    24
         Club              |     2 |       ||     2
         Rapier            |    41 |    50 ||    91
         Unarmed           |       |     9 ||     9
         Dagger            |       |     6 ||     6
    Use: Scroll            |     1 |     1 ||     2
         Potion            |     2 |       ||     2
   Stab: Sleeping          |     2 |       ||     2
 Armour: Leather armour    |    26 |       ||    26
         Ring mail         |   118 |       ||   118
         Chain mail        |    44 |    59 ||   103
         Skin              |       |     2 ||     2
  Dodge: Dodged            |   132 |    19 ||   151
  Block: Buckler           |    55 |    14 ||    69
